 Dungeon Crawl Stone Soup version 0.29-a0-620-g13ace881f2 (webtiles) character file.

Game seed: 8870584211786230774

5852 IdlyInterested the Basher (level 10, -1/74 HPs)
             Began as a Demonspawn Fighter on June 18, 2022.
             Slain by an orc warrior
             ... wielding a +6 glaive
              (15 damage)
             ... in a bailey.
             The game lasted 00:30:23 (10532 turns).

IdlyInterested the Basher (Demonspawn Fighter)     Turns: 10532, Time: 00:30:24

Health: -1/74      AC: 20    Str: 20    XL:     10   Next: 52%
Magic:  11/11      EV: 11    Int:  8    God:
Gold:   85         SH:  0    Dex: 17    Spells: 11/11 levels left

rFire   x . .      SeeInvis +   e - +1 whip (venom)
rCold   + + .      Faith    .   (no shield)
rNeg    . . .      Spirit   .   d - +0 ice dragon scales
rPois   .          Reflect  .   n - +2 helmet {SInv}
rElec   .          Harm     .   u - +2 cloak
rCorr   .          Rampage  .   (no gloves)
Will    .....                   (no boots)
Stlth   ..........              (no amulet)
HPRegen 0.22/turn               (no ring)
MPRegen 0.12/turn               (no ring)

@: mighty, hasted, very quick
A: slimy green scales 2, powered by pain 1, demonic touch 2, agile 1
a: no special abilities


You were in a bailey.
You visited 2 branches of the dungeon, and saw 9 of its levels.
You also visited: Bailey.

You collected 808 gold pieces.
You spent 723 gold pieces at shops.

Inventory:

Hand Weapons
 a - a +0 flail
 e - a +1 whip of venom (weapon)
 h - the +7 hunting sling "Medekh" {vorpal, rPois rC+ Int-3}
   (You found it on level 2 of the Dungeon)

   Any ammunition fired from it inflicts extra damage upon your enemies.
   Int:       It affects your intelligence (-3).
   rC:        It protects you from cold.
   rPois:     It protects you from poison.
 i - a +3 war axe of flaming
Missiles
 f - 134 stones
 k - 2 boomerangs of dispersal
 x - 23 poisoned darts (quivered)
 D - 3 boomerangs
 E - 6 silver javelins
 H - 4 javelins
Armour
 c - a +0 buckler
 d - +0 ice dragon scales (worn)
 n - a +2 helmet of see invisible (worn)
 u - a +2 cloak (worn)
Wands
 l - a wand of paralysis (8)
 r - a wand of light (5)
 t - a wand of flame (11)
 F - a wand of mindburst (5)
Scrolls
 b - 2 scrolls of immolation
 o - a scroll of silence
 q - 2 scrolls of poison
 y - a scroll of teleportation
 A - a scroll of fear
 C - 2 scrolls of torment
 I - a scroll of identify
Potions
 g - 3 potions of mutation
 j - a potion of attraction
 m - a potion of flight
 s - 2 potions of curing
 v - 2 potions of brilliance
 w - 2 potions of lignification
 B - a potion of resistance


   Skills:
 * Level 5.1 Fighting
 * Level 9.7 Maces & Flails
 - Level 1.0 Throwing
 - Level 6.0 Armour
 - Level 4.0 Dodging
 + Level 1.7 Stealth
 - Level 2.6 Shields
 - Level 6.0 Unarmed Combat
 - Level 1.0 Spellcasting
 - Level 1.0 Invocations
 - Level 4.0 Evocations


You had 11 spell levels left.
You didn't know any spells.
Your spell library contained the following spells:

 Spells                   Type           Power      Damage    Failure   Level
 Static Discharge         Conj/Air       0%         N/A       88%         2
 Sublimation of Blood     Necr           0%         N/A       88%         2
 Confusing Touch          Hex            0%         N/A       98%         3
 Gell's Gravitas          Tloc           0%         N/A       98%         3
 Ignite Poison            Fire/Tmut/Pois 0%         N/A       98%         3
 Lesser Beckoning         Tloc           0%         N/A       98%         3
 Mephitic Cloud           Conj/Pois/Air  0%         N/A       98%         3
 Teleport Other           Tloc           0%         N/A       98%         3
 Petrify                  Tmut/Erth      0%         N/A       100%        4
 Freezing Cloud           Conj/Ice/Air   0%         6-21      100%        5
 Irradiate                Conj/Tmut      0%         3d13      100%        5
 Yara's Violent Unravell  Hex/Tmut       0%         3d3       100%        5
 Enfeeble                 Hex            0%         N/A       100%        7
 Spellforged Servitor     Conj/Summ      0%         N/A       100%        7
 Chain Lightning          Conj/Air       0%         N/A       100%        9


Dungeon Overview and Level Annotations

Branches:
Dungeon (8/15)             Temple (1/1) D:7          Bailey (1/1)
   Lair: D:8-11

Altars:
Ashenzari
Cheibriados
Dithmenos
Elyvilon
Fedhas
Gozag
Hepliaklqana
Makhleb
Okawaru
Qazlal
Ru
Sif Muna
Trog
Uskayaw
Vehumet
Wu Jian
Xom
Yredelemnul
Zin
The Shining One

Shops:
D:2 (   D:6 ?   D:7 ((*:   D:8 [


Innate Abilities, Weirdness & Mutations

You are mostly covered in slimy green scales. (AC +3)
You sometimes gain a little power by taking damage.
Your touch may inflict irresistible damage on your foes.
You are agile. (Dex +4, Int/Str-1)


Message History

Found two gates leading back out of this place.
There is an open gate here.
You see here a +1 triple sword of holy wrath.
You open the door. 2 orc warriors and 2 orc knights come into view.
The orc warrior shouts! x2; The orc knight shouts! x2
The orc knight roars a battlecry!
The orcs go into a battle-frenzy!
Found a runed triple crossbow and a potion of experience.
You feel yourself speed up. The orc knight misses you.
The orc warrior closely misses you.
The orc knight hits you but does no damage.
There is an open door here.
Aiming: Paralyse
Press: ? - help, Shift-Dir - straight line, f - orc knight
Aim: an orc knight, wielding a +0 glaive and wearing a +3 ring mail (strong, chance to affect: 41%)
The orc knight resists with some effort.
The orc warrior hits you from afar with a +6 glaive!!
The orc knight hits you with a +0 glaive!!
The orc warrior hits you but does no damage.
The orc knight hits you with a +0 halberd.
You barely miss the orc knight.
You touch the orc knight!
The orc knight is moderately wounded.
You barely miss the orc knight.
The orc knight is moderately wounded.
The orc warrior hits you from afar with a +6 glaive!!
* * * LOW HITPOINT WARNING * * *
You focus on the pain.
You feel very mighty all of a sudden. The orc knight barely misses you.
The orc warrior closely misses you.
The orc knight hits you but does no damage.
You barely miss the orc knight. Your punch misses the orc knight.
The orc knight is lightly wounded.
Okay, then.
You whack the orc knight!
The orc knight looks as sick as possible!
You punch the orc knight!
The orc knight is heavily wounded.
The orc warrior hits you from afar with a +6 glaive!
You die...

...≈≈.≈≈≈...#########...≈≈≈.≈≈...
...........##.......##...........
..........##..#'#'#..##..........
..........#..##)#)##..#..........
.........##.#########.##.........
.........##.')#!.)#)'.##.........
.........##.###o8.###.##.........
.........##.')#ooo#.'.##.........
.........##.####@####.##.........
..........#..##∩)∩##..##.........
..........##..#'''##.............
...........##.....##.............
...≈≈.≈≈≈...##....##....≈≈≈.≈≈...
..≈≈#)##≈....#######....≈##.#≈≈..
..≈##)∩# ...............≈#∩.##≈..
..≈#.....................))).#≈..
..≈##.##≈...............≈##.##≈..


You could see 2 orc knights and 2 orc warriors.

Vanquished Creatures
  A two-headed ogre (D:7)
  A hornet (D:7)
  Prince Ribbit (D:6)
  Sigmund (D:6)
  Eustachio (D:6)
  2 steam dragons (D:7)
  Grum (D:8)
  Menkaure (D:5)
  3 water moccasins
  10 orc warriors
  4 ice beasts
  A sky beast (D:6)
  A black bear (D:7)
  2 wolves (D:8)
  2 ogres
  2 centaurs
  A bullfrog (D:6)
  2 kobold brigands
  2 necrophages (D:6)
  4 scorpions
  4 wights
  2 electric eels (D:7)
  2 howler monkeys
  9 hounds
  2 jellies
  Ijyb (D:4)
  3 iguanas
  5 orc wizards
  7 gnolls
  8 adders
  2 shadow imps (D:7)
  2 white imps
  2 ufetubi (D:5)
  A worm (D:4)
  4 dart slugs
  30 orcs
  9 bats
  3 endoplasms
  8 giant cockroaches
  8 hobgoblins
  3 jackals (D:5)
  20 kobolds
  7 quokkas
  3 ball pythons
  7 frilled lizards
  8 goblins
  8 rats
211 creatures vanquished.

Vanquished Creatures (others)
  2 plants (D:2)
2 creatures vanquished.

Grand Total: 213 creatures vanquished

Notes
Turn   | Place    | Note
-------+----------+-------------------------------------------
     0 | D:1      | IdlyInterested the Demonspawn Fighter began the quest for
                  | the Orb.
     0 | D:1      | Reached XP level 1. HP: 18/18 MP: 1/1
   290 | D:1      | Reached skill level 2 in Maces & Flails
   444 | D:1      | Gained mutation: You are partially covered in slimy green
                  | scales. (AC +2) [demonic ancestry]
   444 | D:1      | Reached XP level 2. HP: 24/24 MP: 2/2
   719 | D:1      | Gained mutation: Your touch may inflict minor irresistible
                  | damage on your foes. [demonic ancestry]
   719 | D:1      | Reached XP level 3. HP: 29/29 MP: 3/3
   751 | D:1      | Reached skill level 1 in Dodging
  1471 | D:2      | Found a radiant altar of Vehumet.
  1880 | D:2      | Reached XP level 4. HP: 35/35 MP: 4/4
  1907 | D:2      | Reached skill level 3 in Maces & Flails
  2043 | D:2      | Identified the +7 hunting sling "Medekh" {vorpal, rPois rC+
                  | Int-3}
  2155 | D:2      | Found Qanukhlop's Weapon Shoppe.
  2168 | D:2      | Bought 2 poisoned darts for 8 gold pieces
  2415 | D:2      | Gained mutation: You are agile. (Dex +4, Int/Str-1) [potion
                  | of mutation]
  3081 | D:3      | Gained mutation: Your touch may inflict irresistible damage
                  | on your foes. [demonic ancestry]
  3081 | D:3      | Reached XP level 5. HP: 34/41 MP: 5/5
  3524 | D:3      | Found a faded altar of an unknown god.
  3604 | D:4      | Noticed an ogre
  3612 | D:4      | Killed an ogre
  3613 | D:4      | Reached skill level 4 in Maces & Flails
  3613 | D:4      | Reached skill level 1 in Unarmed Combat
  3613 | D:4      | Reached XP level 6. HP: 37/47 MP: 6/6
  3790 | D:4      | Noticed Ijyb
  3801 | D:4      | Killed Ijyb
  4095 | D:4      | Reached skill level 1 in Evocations
  4405 | D:2      | Bought a +2 war axe of flaming for 183 gold pieces
  4482 | D:5      | Entered Level 5 of the Dungeon
  4482 | D:5      | Noticed an ice beast
  4490 | D:5      | Killed an ice beast
  4490 | D:5      | Noticed a water moccasin
  4498 | D:5      | Killed a water moccasin
  4499 | D:5      | Gained mutation: You sometimes gain a little power by
                  | taking damage. [demonic ancestry]
  4499 | D:5      | Reached XP level 7. HP: 30/52 MP: 7/7
  4518 | D:5      | Reached skill level 5 in Maces & Flails
  4727 | D:5      | Noticed Menkaure
  4732 | D:5      | Killed Menkaure
  4736 | D:5      | Got the Collected Works on Companions and Lightness
  4971 | D:5      | Reached skill level 1 in Throwing
  5171 | D:5      | Reached XP level 8. HP: 52/58 MP: 7/9
  5431 | D:6      | Reached skill level 6 in Maces & Flails
  5431 | D:6      | Reached skill level 1 in Spellcasting
  5461 | D:6      | Reached skill level 1 in Invocations
  5510 | D:6      | Noticed Eustachio
  5519 | D:6      | Killed Eustachio
  5548 | D:6      | Found Pupsoah's Magic Scroll Shoppe.
  5586 | D:6      | Reached skill level 1 in Stealth
  5675 | D:6      | Noticed Sigmund
  5689 | D:6      | Killed Sigmund
  5690 | D:6      | Reached skill level 7 in Maces & Flails
  5818 | D:6      | Reached skill level 5 in Unarmed Combat
  5979 | D:6      | Reached XP level 9. HP: 55/65 MP: 10/10
  6194 | D:6      | Noticed Prince Ribbit
  6203 | D:6      | Killed Prince Ribbit
  6409 | D:6      | Reached skill level 8 in Maces & Flails
  6763 | D:6      | Bought a scroll of identify for 26 gold pieces
  6764 | D:6      | Bought a scroll of identify for 26 gold pieces
  7053 | D:2      | Bought 6 silver javelins for 144 gold pieces
  7498 | D:7      | Found Nierche's Antique Weapon Emporium.
  7541 | D:7      | Found a staircase to the Ecumenical Temple.
  7554 | Temple   | Entered the Ecumenical Temple
  8051 | D:7      | Found Kopah's Book Shoppe.
  8160 | D:7      | Reached skill level 5 in Armour
  8616 | D:7      | Found Nate's Weapon Shop.
  8751 | D:7      | Found Curau's General Store.
  8952 | D:7      | Noticed a two-headed ogre
  8987 | D:7      | Gained mutation: You are mostly covered in slimy green
                  | scales. (AC +3) [demonic ancestry]
  8987 | D:7      | Reached XP level 10. HP: 30/71 MP: 11/11
  8994 | D:7      | Reached skill level 9 in Maces & Flails
  9019 | D:7      | Killed a two-headed ogre
  9553 | D:7      | Bought a +2 helmet of see invisible for 258 gold pieces
  9553 | D:7      | Bought a wand of flame (11) for 78 gold pieces
  9594 | D:8      | Noticed Grum
  9597 | D:8      | Found Ycirph's Armour Boutique.
  9619 | D:8      | HP: 1/71 [Grum/-1 glaive (21)]
  9621 | D:8      | Killed Grum
  9852 | D:8      | Found a flagged portal.
  9857 | Bailey   | Entered a bailey
 10375 | Bailey   | Reached skill level 5 in Fighting
 10525 | Bailey   | Noticed an orc knight
 10525 | Bailey   | Noticed an orc knight
 10532 | Bailey   | Slain by an orc warrior

Illustrated notes

Levels and vault maps discovered:
D:1:      amcnicky_arrival_choice, layout_loops_ring
D:2:      layout_basic, serial_shops, nicolae_lakefront_shop, serial_forest,
          infiniplex_forest_end_1, infiniplex_forest_zigzag_1,
          infiniplex_forest_clump_curved, infiniplex_forest_clump_long,
          infiniplex_forest_lined_2, infiniplex_forest_lined_2,
          infiniplex_forest_end_1, basic_altar
D:3:      layout_basic, hellmonk_ecumenical_altar_run_dry,
          minmay_misc_feat_ornament, kennysheep_generic_room_4
D:4:      layout_basic, uniq_ijyb
D:5:      layout_loops_ring, chequers_serial_rivers_small_b, uniq_menkaure
D:6:      minmay_polygon_palace, layout_loops_ring, serial_shops,
          nicolae_shop_temple_entry_statues_fountains, uniq_eustachio,
          uniq_prince_ribbit1, uniq_sigmund
D:7:      minmay_clustersquares, layout_loops_corners,
          nicolae_overflow_hidden_temple, minmay_temple_entry_wispy,
          serial_shops, nicolae_take_the_stairs, kennysheep_little_box,
          nicolae_stop_n_shop_2, shop, serial_bayou_pond_d, water_boxes_lemuel
D:8:      layout_gridville, serial_shops, nicolae_shop_hallway_plus,
          enter_bailey_1, uniq_grum
Temple:   mainiacjoe_temple_cubbyholes
Bailey:   bailey_polearm_2, bailey

Skill      XL: |  1  2  3  4  5  6  7  8  9 10 |
---------------+-------------------------------+-----
Maces & Flails | 2 3 4 5 7 8 9 |  9.7
Armour         | 3 4 5 6 |  6.0
Dodging        | 1 2 3 4 |  4.0
Unarmed Combat | 1 3 4 5 6 |  6.0
Evocations     | 1 2 4 |  4.0
Throwing       | 1 |  1.0
Spellcasting   | 1 |  1.0
Invocations    | 1 |  1.0
Fighting       | 4 5 |  5.1
Stealth        | 1 |  1.7
Shields        | |  2.6

Action                   |  1- 3 |  4- 6 |  7- 9 | 10-12 || total
-------------------------+-------+-------+-------+-------++-------
Melee: Flail             |   163 |    41 |       |       ||   204
       Whip              |       |   110 |   337 |   121 ||   568
       Touch             |       |    20 |    69 |    33 ||   122
       Punch             |       |     1 |    13 |     9 ||    23
Throw: Dart              |       |     2 |     9 |       ||    11
       Stone             |       |       |     3 |       ||     3
       Throwing net      |       |       |       |     1 ||     1
Evoke: Wand              |       |       |     4 |     1 ||     5
  Use: Scroll            |     6 |     6 |     6 |     1 ||    19
       Potion            |     1 |     2 |     2 |     1 ||     6
 Stab: Held in net/web   |       |       |       |     1 ||     1
Armor: Scale mail        |    38 |       |       |       ||    38
       Chain mail        |    59 |    64 |   171 |     6 ||   300
       Ice dragon scales |       |       |       |    38 ||    38
Dodge: Dodged            |    89 |    45 |   130 |    76 ||   340
Block: Buckler           |    39 |    13 |       |       ||    52

Table legend: (Time is in decaauts)
 A = Elapsed time spent in this place.
 B = Non-inter-level travel time spent in this place.
 C = Inter-level travel time spent in this place.
 D = Time resting spent in this place.
 E = Time spent auto-exploring this place.
 F = Levels seen in this place.
 G = Mean time per level.
                   A        B        C        D        E       F      G
               +--------+--------+--------+--------+--------+-----+--------+
         Total |  10466 |   9714 |    752 |   2606 |   4955 |  10 | 1046.6 |
       Dungeon |   9457 |   8781 |    676 |   2295 |   4667 |   8 | 1182.1 |
        Temple |    366 |    290 |     76 |      0 |    288 |   1 |  366.0 |
        Bailey |    642 |    642 |      0 |    311 |      0 |   1 |  642.0 |
               +--------+--------+--------+--------+--------+-----+--------+

Top non-repeatable levels by time:
     D:7: 1936 daAuts
     D:6: 1538 daAuts
     D:2: 1356 daAuts
     D:1: 1311 daAuts
     D:3: 1290 daAuts
     D:5: 893 daAuts
     D:4: 850 daAuts
  Bailey: 642 daAuts
  Temple: 366 daAuts
     D:8: 280 daAuts
